 Dungeon Crawl Stone Soup version 0.28.0-53-g5a82cb258f (webtiles) character file.

Game seed: 6249959213700585664

1599 pkoi the Destroyer (level 8, -1/57 HPs)
             Began as a Demigod Conjurer on May 28, 2022.
             Slain by a seven-headed hydra (8 damage)
             ... on level 6 of the Dungeon.
             The game lasted 00:10:18 (9229 turns).

pkoi the Destroyer (Demigod Conjurer)               Turns: 9229, Time: 00:10:18

Health: -1/57      AC:  4    Str:  8    XL:     8   Next: 36%
Magic:  1/16       EV: 12    Int: 28    God:
Gold:   265        SH:  0    Dex: 12    Spells: 2/13 levels left

rFire   . . .      SeeInvis .   o - +1 dagger (venom)
rCold   . . .      Faith    .   (no shield)
rNeg    . . .      Spirit   .   j - +2 robe {Will+}
rPois   .          Reflect  .   (no helmet)
rElec   .          Harm     .   (no cloak)
rCorr   .          Rampage  .   (no gloves)
Will    +....                   (no boots)
Stlth   ++........              (no amulet)
HPRegen 0.19/turn               (no ring)
MPRegen 0.15/turn               (no ring)

@: no status effects
A: high MP 1, forlorn, divine attributes
a: no special abilities


You were on level 6 of the Dungeon.
You visited 1 branch of the dungeon, and saw 6 of its levels.
You also visited: Ossuary.

You collected 265 gold pieces.

Inventory:

Hand Weapons
 f - a +0 short sword
 o - a +1 dagger of venom (weapon)
 A - a +4 whip
Missiles
 x - 2 throwing nets
Armour
 a - a +0 robe
 i - the +0 robe of Disguise {Dex+3}
   (You found it on level 2 of the Dungeon)

   Dex:       It affects your dexterity (+3).
 j - a +2 robe of willpower (worn)
Jewellery
 h - a ring of poison resistance
Wands
 q - a wand of digging (5)
Scrolls
 b - 11 scrolls of identify {unknown}
 d - 2 scrolls of fear {unknown}
 k - a scroll of enchant armour {unknown}
 l - a scroll of magic mapping {unknown}
 r - 4 scrolls of teleportation {unknown}
 s - a scroll of enchant weapon {unknown}
 t - a scroll of holy word {unknown}
 u - a scroll of blinking {unknown}
Potions
 c - 2 potions of haste {unknown}
 e - 3 potions of curing {unknown}
 g - a potion of berserk rage {unknown}
 m - 3 potions of brilliance {unknown}
 n - 3 potions of degeneration {unknown}
 p - 2 potions of magic {unknown}
 v - a potion of heal wounds {unknown}
 B - a potion of attraction {unknown}


   Skills:
 - Level 1.7 Dodging
 - Level 1.7 Stealth
 + Level 3.4 Spellcasting
 - Level 9.0 Conjurations
 + Level 3.1 Hexes
 + Level 3.1 Translocations


You had 2 spell levels left.
You knew the following spells:

 Your Spells              Type           Power      Damage    Failure   Level
a - Magic Dart            Conj           100%       1d8       1%          1
b - Searing Ray           Conj           100%       2d8       1%          2
c - Iskenderun's Mystic   Conj/Tloc      38%        2d9       6%          4
d - Fulminant Prism       Conj/Hex       19%        3d11      6%          4

Your spell library contained the following spells:

 Spells                   Type           Power      Damage    Failure   Level
 Shock                    Conj/Air       100%       1d9       1%          1
 Dazzling Flash           Conj/Hex       76%        N/A       1%          3
 Swiftness                Air            4%         N/A       24%         3
 Airstrike                Air            2%         N/A       61%         4


Dungeon Overview and Level Annotations

Branches:
Dungeon (6/15)            Ossuary (visited)
 Temple: D:4-7


Innate Abilities, Weirdness & Mutations

You have an increased reservoir of magic. (+10% MP)
You shall have no god before yourself.
Your divine heritage dramatically boosts your attributes as you level up.


Message History

The blast of energy engulfs the seven-headed hydra!
The seven-headed hydra is heavily wounded.
Casting: Fulminant Prism (dangerous; 6% risk of failure)
Confirm with . or Enter, or press ? or * to list all spells.
Aiming: Fulminant Prism (dangerous; 6% risk of failure)
Press: ? - help, Dir - move target You conjure a prism of explosive energy!
A fulminant prism comes into view.
The seven-headed hydra bites you. x2
The seven-headed hydra bites you but does no damage.
The seven-headed hydra misses you.
The seven-headed hydra barely misses you.
The seven-headed hydra bites you!
* * * LOW HITPOINT WARNING * * *
The seven-headed hydra bites you!
* * * LOW HITPOINT WARNING * * *
Your fulminant prism crackles loudly.
Your fulminant prism explodes!
The blast of energy engulfs the seven-headed hydra!!
The seven-headed hydra is almost dead.
Found a scroll labelled ZOASIC XOLONU.
There is a stone staircase leading up here.
Found a spear.
Casting: Fulminant Prism (dangerous; 6% risk of failure)
Confirm with . or Enter, or press ? or * to list all spells.
You erupt in a blast of force!
The mystic blast hits the seven-headed hydra.
The seven-headed hydra is severely wounded.
The seven-headed hydra bites you but does no damage.
The seven-headed hydra bites you!
* * * LOW HITPOINT WARNING * * *
The seven-headed hydra bites you.
* * * LOW HITPOINT WARNING * * *
The seven-headed hydra closely misses you.
The seven-headed hydra bites you!
* * * LOW HITPOINT WARNING * * *
The seven-headed hydra bites you.
* * * LOW HITPOINT WARNING * * *
The seven-headed hydra bites you!
You die...

.......(....# ####..
.....[........ #.. ###
..†.......##.###.. ...
................. #.#
#........##.#.... ####.#
#........ #.#.#.# ..#.# #........
#...... ######
#.#.####.....#.....#....
.##....###.#.#.D@...###.....####.
......................+..........
###.###[.....#......###.......#..
#....#.......#......# ####...#..
#......<.....#..(...... #...#..
#....#)......#......... #####..
#....##......######..... #..
.....#######..# ..... ### .....#
#..# ...


You could see a seven-headed hydra.

Vanquished Creatures
  An orc warrior (D:5)
  3 black bears
  A necrophage (D:5)
  An ogre (D:5)
  A kobold brigand (D:4)
  Blork the orc (D:4)
  A bullfrog (D:3)
  2 scorpions
  A howler monkey (D:5)
  2 hounds
  2 jellies (D:5)
  A gnoll shaman (D:4)
  An orc wizard (D:3)
  6 iguanas
  2 hound skeletons
  3 mummies (Ossuary)
  A howler monkey zombie (D:6)
  4 gnolls (D:4)
  A howler monkey skeleton (D:5)
  4 adders
  A white imp (D:5)
  3 adder zombies (Ossuary)
  3 worms
  A dart slug (D:3)
  12 orcs
  10 ball pythons
  8 endoplasms
  4 giant cockroaches
  7 goblins
  8 hobgoblins
  7 jackals
  2 quokkas
  4 bats
  4 frilled lizards
  4 goblin zombies (Ossuary)
  5 hobgoblin zombies (Ossuary)
  9 kobolds
  2 kobold zombies (Ossuary)
  3 quokka zombies (Ossuary)
  5 rats
  A rat zombie (Ossuary)
142 creatures vanquished.

Vanquished Creatures (collateral kills)
  A wyvern skeleton (D:6)
  An iguana (D:6)
2 creatures vanquished.

Vanquished Creatures (others)
  5 fulminant prisms
  18 plants
23 creatures vanquished.

Grand Total: 167 creatures vanquished

Notes
Turn   | Place    | Note
-------+----------+-------------------------------------------
     0 | D:1      | pkoi the Demigod Conjurer began the quest for the Orb.
     0 | D:1      | Reached XP level 1. HP: 14/14 MP: 5/5
   306 | D:1      | Reached skill level 4 in Conjurations
   389 | D:1      | Reached XP level 2. HP: 20/20 MP: 2/7
  1429 | D:2      | Reached XP level 3. HP: 23/26 MP: 4/8
  1775 | D:1      | Learned a level 2 spell: Searing Ray
  2135 | D:2      | Identified the +0 robe of Disguise {Dex+3}
  2440 | D:2      | Reached skill level 5 in Conjurations
  2546 | D:2      | Found Goasiwn's Weapon Shop.
  3587 | D:3      | Noticed a bullfrog
  3590 | D:3      | Killed a bullfrog
  3591 | D:3      | Reached XP level 4. HP: 27/33 MP: 4/9
  3969 | D:3      | Reached skill level 6 in Conjurations
  3969 | D:3      | Reached XP level 5. HP: 31/38 MP: 2/10
  4350 | D:4      | Noticed Blork the orc
  4358 | D:4      | Killed Blork the orc
  4746 | D:4      | Reached XP level 6. HP: 36/45 MP: 1/11
  4766 | D:4      | Reached skill level 7 in Conjurations
  4980 | D:4      | Found a sand-covered staircase.
  4989 | Ossuary  | Entered an ossuary
  6364 | D:4      | Reached skill level 8 in Conjurations
  6364 | D:4      | Reached XP level 7. HP: 50/50 MP: 2/12
  7030 | D:5      | Entered Level 5 of the Dungeon
  7396 | D:5      | Learned a level 4 spell: Iskenderun's Mystic Blast
  7419 | D:5      | Reached skill level 9 in Conjurations
  7578 | D:5      | Reached skill level 1 in Hexes
  7578 | D:5      | Reached skill level 1 in Translocations
  7930 | D:5      | Reached XP level 8. HP: 36/57 MP: 6/15
  8822 | D:6      | Noticed a seven-headed hydra
  8841 | D:5      | Learned a level 4 spell: Fulminant Prism
  9229 | D:6      | Slain by a seven-headed hydra

Illustrated notes

Levels and vault maps discovered:
D:1:      saegor_arrival_simple_c, layout_basic, serial_bayou,
          serial_bayou_shore_a, serial_bayou_lagoon_a, serial_bayou_pond_d,
          serial_bayou_crossing
D:2:      layout_basic, serial_shops, nicolae_shop_advertising_works
          [nicolae_subvault_shop_adworks]
D:3:      wad_pebble_path, layout_basic, amcnicky_altar_gilded,
          basic_ecumenical_altar, guppyfry_early_lair_pool
D:4:      layout_loops_corners, lightli_ossuary_entry_decrepit_ruins,
          lexackson_kobold_supper, uniq_blork_the_orc
D:5:      layout_basic
D:6:      layout_basic, mainiacjoe_overflow_alcove_4, nrook_loot_triangle

Skill      XL: |  1  2  3  4  5  6  7  8 |
---------------+-------------------------+-----
Conjurations   | 4 5 6 8 9 |  9.0
Spellcasting   | 2 3 |  3.4
Hexes          | 2 3 |  3.1
Translocations | 1 3 |  3.1
Dodging        | |  1.7
Stealth        | |  1.7

Action                   |  1- 3 |  4- 6 |  7- 9 || total
-------------------------+-------+-------+-------++-------
Melee: Dagger            |       |    23 |    13 ||    36
       Punch             |       |     2 |       ||     2
 Cast: Magic Dart        |   118 |    92 |    84 ||   294
       Searing Ray       |     1 |    12 |     8 ||    21
       Fulminant Prism   |       |       |     5 ||     5
       Iskenderun's Myst |       |       |     4 ||     4
  Use: Scroll            |       |       |     3 ||     3
Armor: Robe              |     1 |    11 |    17 ||    29
Dodge: Dodged            |     4 |    35 |    31 ||    70
